Cogmind - Beta 10.2 @@@ ROGUE MODE // 2022.02.06 @ 14:40:10 Player: tionichm Result: Self-destructed Performance ------------- Evolutions (1) 500 Regions Visited (2) 400 Robots Destroyed (20) 100 Value Destroyed (456) 456 Prototype IDs (5) 100 Alien Tech Used (0) 0 Bonus (0) 0 TOTAL SCORE: 1556 Bonus ------- None Cogmind --------- Core Integrity 268/400 Matter 297/300 Energy 100/100 System Corruption 0% Temperature Cool (6) Movement Core (100) Ox1 Location -9/Materials Parts ------- > --- POWER (2) -------- (None) > --- PROPULSION (2) --- (None) > --- UTILITY (3) ------ Small Storage Unit > --- WEAPON (2) ------- (None) > --- INVENTORY (6) ---- Improved Heat Sink Transport Network Coupler Assault Rifle Peak State ------------ > --- POWER ------------ Ion Engine > --- PROPULSION ------- Wheel Compact Wheel > --- UTILITY ---------- Improved Heat Sink Small Storage Unit > --- WEAPON ----------- EM Pulse Gun Grenade Launcher > --- INVENTORY -------- Light Ion Engine [Rating: 9] Favorites ----------- Power Light Ion Engine Engine Light Ion Engine Propulsion Wheel Wheel Wheel Hover Unit Backup Propulsion I Utility Small Storage Unit Device Improved Heat Sink Storage Small Storage Unit Hackware Hacking Suite Weapon Datajack Energy Gun Backup Laser I Ballistic Gun Assault Rifle Launcher Grenade Launcher Special Melee Weapon Datajack Build | -11 -10 -9 ------- Run | Scr Mat Mat Slots Evolved 2 | . . 2 Power 1 | . . 1 Propulsion . | . . . Utility 1 | . . 1 Weapon . | . . . Parts Attached 21 | 7 12 2 Power 5 | 1 3 1 Engine 5 | 1 3 1 Core . | . . . Reactor . | . . . Propulsion 4 | 2 2 . Treads . | . . . Leg . | . . . Wheel 4 | 2 2 . Hover . | . . . Flight . | . . . Utility 4 | 2 2 . Device 2 | 1 1 . Storage 1 | 1 . . Processor . | . . . Hackware 1 | . 1 . Protection . | . . . Artifact . | . . . Weapon 8 | 2 5 1 Energy Gun 3 | 2 1 . Energy Cannon . | . . . Ballistic Gun 3 | . 2 1 Ballistic Cannon . | . . . Launcher 1 | . 1 . Special Weapon . | . . . Impact Weapon . | . . . Slashing Weapon . | . . . Piercing Weapon . | . . . Special Melee Weapon 1 | . 1 . Unidentified Prototypes . | . . . Parts Lost 15 | . 9 6 Power 2 | . . 2 Propulsion 4 | . 3 1 Utility 2 | . 1 1 Weapon 7 | . 5 2 Highest Loss Streak 6 | . 2 6 Average Slot Usage (%) 86 | . 88 61 Engine 14 | . 14 18 Wheel 17 | . 18 10 Hover 2 | . 2 . Device 5 | . 5 . Storage 13 | . 14 11 Hackware 8 | . 7 10 Energy Gun 8 | . 9 . Ballistic Gun 6 | . 7 1 Launcher 1 | . 1 . Special Melee Weapon 6 | . 6 11 Naked Turns . | . . . Heaviest Build 15 | 13 15 11 Greatest Support 26 | 26 26 16 Greatest Overweight (x) 3 | 3 2 . Average Overweight (x) . | . . . Largest Inventory Capacity 6 | 6 6 6 Average Capacity 5 | 5 6 6 Most Carried 6 | 3 6 5 Average Carried 3 | 1 3 3 Final Capacity 6 | 6 6 6 Final Carried 5 | 1 5 3 Class Distribution -------------------- 100% | Mutant Dominant Class ---------------- Mutant | -10/Materials Mutant | -9/Materials Resources | -11 -10 -9 ----------- Run | Scr Mat Mat Matter Collected 661 | 270 391 . Remotely 112 | 92 20 . Salvage Created 624 | 95 499 30 Parts 47 | 2 40 5 Haulers Intercepted 1 | . 1 . Recyclers Shooed . | . . . Parts Field Recycled . | . . . Retrieved Matter . | . . . Parts Self-Destructed . | . . . Prevented . | . . . Kills | -11 -10 -9 ------- Run | Scr Mat Mat Combat Hostiles Destroyed 13 | . 11 2 Guns 9 | . 7 2 AOE 4 | . 4 . Classes Destroyed 8 | 1 7 . Worker 1 | . 1 . Tunneler 1 | . 1 . Hauler 1 | . 1 . Recycler 2 | 1 1 . Operator 1 | . 1 . Watcher 1 | . 1 . Swarmer 4 | . 2 2 Grunt 9 | . 9 . Best Kill Streak 4 | 1 4 2 Combat Bots Only 2 | . 2 2 Max Kills in Single Turn 1 | 1 1 1 Gunslinging . | . . . Exploded 1 | . 1 . Melee . | . . . Uniques/NPCs Destroyed . | . . . Combat | -11 -10 -9 -------- Run | Scr Mat Mat Damage Taken 1082 | . 694 388 Core 326 | . 194 132 Absorbed by Shields . | . . . Core Remaining (%) 61 | 100 22 . Volleys Fired 90 | 1 81 8 Largest 2 | 2 2 1 Hottest 90 | 80 90 20 Shots Fired 117 | 2 107 8 Gun 105 | 2 95 8 Cannon . | . . . Launcher 12 | . 12 . Special . | . . . Kinetic 44 | . 36 8 Thermal 34 | 1 33 . Explosive 12 | . 12 . Electromagnetic 27 | 1 26 . Robot Hit Streak 9 | 1 9 7 Robot Miss Streak 3 | . 3 1 Penetration Max . | . . . Secondary Targets . | . . . Shots Hit Robots 95 | 1 82 12 Core Hits 35 | 1 31 3 Critical Hits . | . . . Critical Kills . | . . . Critical Parts Destroyed . | . . . Melee Attacks 33 | . 28 5 Impact . | . . . Slashing . | . . . Piercing . | . . . Sneak Attacks 21 | . 17 4 Combat Hostiles . | . . . Follow-up Attacks . | . . . Damage Inflicted 1283 | 15 1194 74 Guns 806 | 15 717 74 Cannons . | . . . Explosions 477 | . 477 . Melee . | . . . Ramming . | . . . Kinetic 332 | . 258 74 Thermal 175 | . 175 . Explosive 477 | . 477 . Electromagnetic 299 | 15 284 . Impact . | . . . Slashing . | . . . Piercing . | . . . Highest Corruption 4 | . 4 . Average Corruption 3 | . 3 . Corruption Purged . | . . . Effects 10 | . 10 . Message Errors 2 | . 2 . Matter Fused 3 | . 3 . Heat Flow Errors 2 | . 2 . Data Loss (minor) 1 | . 1 . Targeting Errors 2 | . 2 . Overload Shots . | . . . Overflow Damage 19 | . 19 . Projectiles . | . . . Explosions 19 | . 19 . Melee . | . . . Knockbacks . | . . . Impact . | . . . Kinetic . | . . . Secondary . | . . . Self-Inflicted Damage 65 | . 65 . Shots 2 | . 2 . Rammed . | . . . Targets Rammed . | . . . Kicked . | . . . Crushed . | . . . Highest Temperature 321 | 18 321 3 Average Temperature 137 | 12 141 3 Received Heat Transfer 372 | . 282 90 Effects 1 | . 1 . Matter Decay 1 | . 1 . Siege Activations . | . . . Robots Corrupted . | . . . Combat Hostiles . | . . . Parts Fried . | . . . Impact Corruptions . | . . . Robots Melted . | . . . Combat Hostiles . | . . . Parts Melted . | . . . Heat Transferred 580 | . 580 . Parts Sabotaged . | . . . Parts Stolen . | . . . Parts Stripped . | . . . Power Chain Reactions . | . . . Missiles Intercepted . | . . . Alert | -11 -10 -9 ------- Run | Scr Mat Mat Peak Influence 320 | 5 320 92 Initial 23 | . 3 23 Average 136 | 1 152 40 Maximum Alert Level 1 | . 1 . Low Security (%) 73 | 100 69 100 Level 1 26 | . 30 . Level 2 . | . . . Level 3 . | . . . Level 4 . | . . . Level 5 . | . . . High Security . | . . . Max Security . | . . . Squads Dispatched 4 | . 4 . Investigation 1 | . 1 . Extermination . | . . . Reinforcement 3 | . 3 . Assault . | . . . Garrison . | . . . Intercept . | . . . Construction Impeded . | . . . Haulers Reinforced . | . . . Stealth | -11 -10 -9 --------- Run | Scr Mat Mat Distress Signals 2 | . 1 1 Communications Jammed . | . . . Distress Signals . | . . . Times Spotted 42 | . 33 9 Peak Tracking Total 9 | . 4 9 Tactical Retreats 5 | . 5 . Traps | -11 -10 -9 ------- Run | Scr Mat Mat Traps Triggered 2 | . 2 . Indirectly . | . . . Trap Hack Attempts . | . . . Triggered . | . . . Disarmed . | . . . Reprogrammed 1 | . 1 . Reused . | . . . Traps Extracted . | . . . Installed . | . . . Triggered . | . . . Machines | -11 -10 -9 ---------- Run | Scr Mat Mat Machines Disabled 3 | . 3 . Max in Single Turn 1 | . 1 . Machines Sabotaged . | . . . Garrisons Compromised . | . . . Overloaded Fab Kills . | . . . Fab Network Shutdowns . | . . . Hacking | -11 -10 -9 --------- Run | Scr Mat Mat Machines Accessed 7 | . 5 2 Terminals 5 | . 3 2 Fabricators . | . . . Repair Stations 1 | . 1 . Recycling Units 1 | . 1 . Scanalyzers . | . . . Garrison Access . | . . . Total Hacks 24 | . 19 5 Successful 16 | . 13 3 Failed 8 | . 6 2 Catastrophic . | . . . Database Lockouts . | . . . Manual . | . . . Terminals 15 | . 10 5 Fabricators . | . . . Repair Stations 6 | . 6 . Recycling Units 3 | . 3 . Scanalyzers . | . . . Garrison Access . | . . . Terminal Hacks 11 | . 8 3 Record 1 | . 1 . Prototype ID Bank 3 | . 2 1 Scanalyzer Index 1 | . . 1 Locate Traps 1 | . 1 . Reprogram Traps 1 | . 1 . Transport Status 1 | . 1 . Investigation Status 1 | . 1 . Recall Investigation 1 | . 1 . Zone Layout 1 | . . 1 Fabricator Hacks . | . . . Repair Station Hacks 4 | . 4 . Scan Component 2 | . 2 . Repair 1 | . 1 . Refit 1 | . 1 . Recycling Unit Hacks 1 | . 1 . Report Inventory 1 | . 1 . Scanalyzer . | . . . Garrison Access Hacks . | . . . Unauthorized Hacks . | . . . Terminals . | . . . Fabricators . | . . . Repair Stations . | . . . Recycling Units . | . . . Scanalyzers . | . . . Garrison Access . | . . . Data Cores Recovered . | . . . Used . | . . . Hacking Detections 7 | . 5 2 Full Trace Events 2 | . 2 . Feedback Events . | . . . Feedback Blocked . | . . . Robot Schematics Acquired . | . . . Robots Built . | . . . Matter . | . . . Time . | . . . Total Robot Build Rating . | . . . Part Schematics Acquired . | . . . Parts Built . | . . . Matter . | . . . Time . | . . . Total Part Build Rating . | . . . Parts Repaired 1 | . 1 . Time 26 | . 26 . Parts Recycled . | . . . Recycled Matter . | . . . Retrieved Matter . | . . . Retrieved Components . | . . . Parts Scanalyzed . | . . . Part Schematics Acquired . | . . . Parts Damaged . | . . . Bothacking | -11 -10 -9 ------------ Run | Scr Mat Mat Used RIF Installer . | . . . Robots Hacked 11 | . 9 2 Non-combat 7 | . 6 1 Combat 4 | . 3 1 Robot Hacks Applied 15 | . 12 3 parse_system 6 | . 5 1 no_distress 8 | . 6 2 check_alert 1 | . 1 . Relay Couplers Released . | . . . Robots Rewired . | . . . Allies Hacked . | . . . Hacks Repelled . | . . . Allies | -11 -10 -9 -------- Run | Scr Mat Mat Total Allies . | . . . Largest Group . | . . . Highest-Rated Group . | . . . Highest-Rated Ally . | . . . Total Orders . | . . . Ally Attacks . | . . . Total Damage . | . . . Kills . | . . . Allies Corrupted . | . . . Allies Melted . | . . . Intel | -11 -10 -9 ------- Run | Scr Mat Mat Robot Analysis Total . | . . . Derelict Logs Recovered . | . . . Drone Launches . | . . . Drone Recoveries . | . . . Exploration | -11 -10 -9 ------------- Run | Scr Mat Mat Turns Passed 1429 | 74 1253 102 Spaces Moved 1081 | 52 955 74 Core 46 | 14 32 . Treads . | . . . Legs . | . . . Wheels 906 | 38 794 74 Hover 129 | . 129 . Flight . | . . . Fastest Speed 50 | 50 80 100 Average Speed 100 | 109 99 100 Slowest Speed 200 | 200 160 100 Overloaded Moves . | . . . Propulsion Burnouts . | . . . Robots Hopped . | . . . Cave-ins Triggered . | . . . Exploration Rate (%) 37 | 3 100 10 Regions Visited 2 Branch Regions . Pre-discovered Areas . | . . . Known Exits Taken . | . . . Unknown Exits Taken 2 | 1 1 . Scrap Searched . | . . . Spaces Dug 5 | . 5 . Terrain Destroyed 44 | . 44 . Melee . | . . . Projectile . | . . . AOE 44 | . 44 . Terrain Rammed . | . . . Walls Destroyed . | . . . Machines Disabled . | . . . Actions | -11 -10 -9 --------- Run | Scr Mat Mat Total 1281 | 67 1123 91 Wait 29 | . 29 . Move 1079 | 51 954 74 Hop . | . . . Pick Up 22 | 8 13 1 Fast Attach . | . . . Attach 17 | 7 8 2 Detach 3 | . 3 . Swap 4 | . 4 . Drop 4 | . 3 1 Fire 90 | 1 81 8 Melee 33 | . 28 5 Ram . | . . . Kick . | . . . Crush . | . . . Escape Stasis . | . . . Rewire . | . . . Trap . | . . . Miscellaneous . | . . . Route ------- -11/Scrapyard -10/Materials (discovered 4 exits: *Mat x3 / [*Min]) -9/Materials History --------- Turn | Location | Event 24 | -11/Scrapyard | Discovered new exit (range 15) 75 | -11/Scrapyard | Entered Materials 305 | -10/Materials | Build established: Mutant 351 | -10/Materials | Discovered new exit (range 16) 375 | -10/Materials | Discovered new exit (range 16) 518 | -10/Materials | Core integrity fell below 50% 580 | -10/Materials | Discovered new exit (range 14) 710 | -10/Materials | Discovered new exit (range 13) 1300 | -10/Materials | Repaired Assault Rifle 1328 | -10/Materials | Entered another Materials area 1328 | -9/Materials | Evolved 2 slots: Power x1, Utility x1 1430 | -9/Materials | Self-destructed Last Messages --------------- >>parse_system Reading system data... 01401_ W-16 Scout sends out distress signal. 01405_ K-01 Serf collects debris. 01413_ K-01 Serf cleans the Material Compactor. 01413_ Sneak attack on K-01 Serf. 01413_ Jacked K-01 Serf... >>find_chute No applicable chute records found in memory. 01416_ K-01 Serf cleans the Material Compactor. 01416_ Lgt. Ion Engine destroyed. 01418_ S-10 Pest destroyed. 01425_ Lgt. Ion Engine destroyed. 01426_ R-06 Scavenger collects Lgt. Assault Rifle. 01428_ Com. Wheel destroyed. 01429_ Lgt. Assault Rifle destroyed. 01429_ Hacking Suite destroyed. 01429_ K-01 Serf collects debris. 01430_ Datajack destroyed. 01430_ R-06 Scavenger collects Flight Unit. Map ----- +----------------------------------------------------+ | ??????????????###+### ## # #???????????? | | ?????????? #### ###+### + #???????????? | | ????????? ########???????????? | | ????????? #??????????????????? | | ????????? #??????????????????? | | ??????????????# ###+#######??????????????????? | | ??????????????## ### #??????????????????????? | | ???????????????# #?# "" ###########????????????? | | ????????????#### #?# "T # #????????????? | | ???????????##!! #?# "" # """ """ ############?? | | ???????????#! ### # """ """ # ##? | | ???????????#! + #?????""" +????????????? | | ???????????#! ### #????? #????????????? | | ???????????#! #?# #???? #????????????? | | ???????????##!! #?# #???? ??????????????? | | ????????????#### #?######???? ??????#????????? | | ??? # ###### ############+##### #????????? | | T #????????? | | ?? T +????????? | | ? #????????? | | ?# ######################r## #????????? | | ?## ?????????????????# kk #??? #????????? | | ?????????????????????# g sr #??????? #????????? | | ?????????????????????# gs%r""" #?????????????????? | | ?????????????????????# [%g"""""#?????????????????? | | ?????????????????????# =@"""""#?????????????????? | | ?????????????????????# """""#?????????????????? | | ?????????????????????# """ #?????????????????? | | ?????????????????????# #?????????????????? | | ?????????????????????###########?????????????????? | | ?????????????????????????????????????????????????? | | ?????????????????????????????????????????????????? | | ?????????????????????????????????????????????????? | | ?????????????????????????????????????????????????? | | ?????????????????????????????????????????????????? | | ?????????????????????????????????????????????????? | | ?????????????????????????????????????????????????? | | ?????????????????????????????????????????????????? | | ?????????????????????????????????????????????????? | | ?????????????????????????????????????????????????? | | ?????????????????????????????????????????????????? | | ?????????????????????????????????????????????????? | | ?????????????????????????????????????????????????? | | ?????????????????????????????????????????????????? | | ?????????????????????????????????????????????????? | | ?????????????????????????????????????????????????? | | ?????????????????????????????????????????????????? | | ?????????????????????????????????????????????????? | | ?????????????????????????????????????????????????? | | ?????????????????????????????????????????????????? | +----------------------------------------------------+ Best States ------------- Heat Dissipation 39 Energy Generation 15 Energy Capacity 250 Matter Stores 300 Matter Capacity 300 Sight Range 16 Terrain Scan Density 10 Evasion (%) 44 Offensive Hacking 10 Item Schematics ----------------- None Robot Schematics ------------------ None Fabricated ------------ Nothing Alien Tech Used ----------------- None Achievements -------------- None Challenges ------------ None Game ------ Seed TransmissionNetworkMatter Manual? 0 Play Time 00:18:44 Cumulative 11.5 hours Start 2022.02.05 @ 21:33:23 End 2022.02.06 @ 14:40:10 Sessions 3 Manual Loads 0 Difficulty Rogue Special Mode None Game No. 28 Rogue 28 Adventurer 0 Explorer 0 Win Type - Total 0 Types 0/0/0/0/0/0/0/0/0 Lore% 9 Gallery% 16 Achievement% 14 Wizard Run 0 Options --------- ASCII 0 Keyboard 1 Movement Numpad Keybinds 0 Fullscreen 1 Font 12/Smallcaps Map View 83x54 Tactical HUD 1 Map Filters NONE Filters NONE Steam 1 RUN: 3179fc5f-8f5d-4889-9276-7180a003d61d